 Dungeon Crawl Stone Soup version 0.30.1-11-g7821555f0a (webtiles) character file.

Game seed: 11246814165726451989

150 grothendieck the Gusty (level 5, -1/75 HPs)
             Began as an Ogre Air Elementalist on Oct 30, 2023.
             Killed from afar by an orc wizard (4 damage)
             ... with a magic dart
             ... on level 3 of the Dungeon.
             The game lasted 00:22:13 (4470 turns).

grothendieck the Gusty (Ogre Air Elementalist)      Turns: 4470, Time: 00:22:13

Health: -1/75      AC:  3    Str: 11 (12) XL:     5   Next: 32%
Magic:  3/10       EV: 14    Int: 18      God:
Gold:   120        SH:  0    Dex:  6 (9)  Spells: 1/11 levels left

rFire   + . .        a - +1 dagger (speed)
rCold   . . .        (no shield)
rNeg    . . .        l - +0 robe
rPois   .            (helmet restricted)
rElec   .            (no cloak)
rCorr   .            (gloves unavailable)
SInv    .            (boots unavailable)
Will    .....        (no amulet) Stlth
                     h - ring of protection from fire
HPRegen 0.32/turn    w - +5 ring of evasion
MPRegen 0.12/turn

%: clarity
@: berserking, very quick
A: large, unfitting armour, tough skin 1, clarity
a: no special abilities


You were on level 3 of the Dungeon.
You visited 1 branch of the dungeon, and saw 4 of its levels.

You collected 120 gold pieces.

Inventory:

Hand Weapons
 a - a +1 dagger of speed (weapon)
 c - a +0 shortbow
 d - a +0 club
 f - a +0 dagger of venom
 m - a +0 short sword
 r - a +0 mace
 x - a +0 dagger of protection
Missiles
 e - 11 poisoned darts (quivered)
 k - 8 stones
Armour
 l - a +0 robe (worn)
Jewellery
 h - a ring of protection from fire (left hand)
 t - a ring of positive energy
 w - a +5 ring of evasion (right hand)
Wands
 p - a wand of charming (6)
Scrolls
 j - a scroll of fog
 s - a scroll of teleportation {unknown}
 u - a scroll of noise {unknown}
 y - a scroll of vulnerability {unknown}
Potions
 b - a potion of magic
 i - a potion of flight
 z - 2 potions of heal wounds


   Skills:
 - Level 2.3 Fighting
 - Level 1.7 Dodging
 - Level 1.4 Stealth
 + Level 3.7 Spellcasting
 - Level 1.7 Conjurations
 * Level 4.0 Air Magic


You had one spell level left.
You knew the following spells:

 Your Spells              Type           Power      Damage    Failure   Level
a - Shock                 Conj/Air       52%        1d6       4%          1
b - Static Discharge      Conj/Air       26%        2-4/arc   7%          2
c - Swiftness             Air            17%        N/A       9%          3
d - Airstrike             Air            8%         2d(2-18)  28%         4

Your spell library contained the following spells:

 Spells                   Type           Power      Damage    Failure   Level
 Ensorcelled Hibernation  Hex/Ice        6%         N/A       22%         2
 Passwall                 Tmut/Erth      2%         N/A       22%         2
 Simulacrum               Ice/Necr       1%         N/A       100%        6
 Ozocubu's Refrigeration  Ice            1%         4d7       100%        7
 Polar Vortex             Ice            1%         N/A       100%        9


Dungeon Overview and Level Annotations

Branches:
Dungeon (4/15)
 Temple: D:4-7

Altars:

Annotations:
D:2 Terence
D:4 1 runed translucent door


Innate Abilities, Weirdness & Mutations

You are too large for most types of armour.
You have tough skin. (AC +1)
You possess an exceptional clarity of mind.


Message History

It was a potion of mutation.
You feel extremely strange.
Your thoughts seem clearer.
The orc wizard casts a spell at you. The magic dart hits you!
* * * LOW HITPOINT WARNING * * *
The orc wizard hits you but does no damage.
Your magical contamination has completely faded away.
It was a potion of berserk rage.
A red film seems to cover your vision as you go berserk!
You feel yourself moving faster!
You feel mighty! The orc wizard casts a spell at you.
The puff of flame hits you. You resist.
* * * LOW HITPOINT WARNING * * *
The orc wizard points at you and mumbles some strange words.
The magic dart hits you.
* * * LOW HITPOINT WARNING * * *
You closely miss the orc wizard.
The orc wizard is heavily wounded.
You bump into the rock wall.
The orc wizard hits you with a +0 vampiric dagger.
* * * LOW HITPOINT WARNING * * *
The orc wizard draws strength from your wounds!
The orc wizard misses you.
You hit the orc wizard.
The orc wizard is heavily wounded.
You're too confused to move!
The orc wizard hits you with a +0 vampiric dagger.
* * * LOW HITPOINT WARNING * * *
The orc wizard draws strength from your wounds!
The orc wizard points at you and mumbles some strange words.
You resist with some effort.
You bump into the rock wall.
You feel a strong urge to attack something.
You feel less confused. The orc wizard casts a spell at you.
The puff of flame hits you. You resist.
* * * LOW HITPOINT WARNING * * *
The orc wizard gestures at you while chanting.
The magic dart hits you.
You die...

....# #...........####### ....#
#.########........# ....# #.#
#........# ....# #.# #........#
....# #.# #........#
....####.########........#
................+........#
....####.########o.......########
................@o...............
[...............#####..##########
................# ##.#
.........[......# #.###
................######...#
....................####.#
....................# #.#
....###########.....# #.## ....#
#.....# #..#


You could see 2 orc wizards.

Vanquished Creatures
  An iguana (D:3)
  4 adders
  2 worms
  6 dart slugs
  3 orcs
  6 ball pythons
  2 endoplasms (D:1)
  3 giant cockroaches (D:1)
  7 goblins
  5 hobgoblins
  2 jackals (D:1)
  4 quokkas
  6 bats
  3 frilled lizards
  5 kobolds
  8 rats
67 creatures vanquished.

Notes
Turn   | Place    | Note
-------+----------+-------------------------------------------
     0 | D:1      | grothendieck the Ogre Air Elementalist began the quest for
                  | the Orb.
     0 | D:1      | Reached XP level 1. HP: 16/16 MP: 3/3
   140 | D:1      | Reached skill level 1 in Conjurations
   281 | D:1      | Reached XP level 2. HP: 26/26 MP: 1/5
   368 | D:1      | Reached skill level 1 in Fighting
   368 | D:1      | Reached skill level 3 in Air Magic
   433 | D:1      | Learned a level 2 spell: Static Discharge
   756 | D:1      | Reached XP level 3. HP: 33/33 MP: 1/7
   880 | D:1      | Learned a level 3 spell: Swiftness
  2267 | D:2      | Reached XP level 4. HP: 42/42 MP: 2/8
  3332 | D:2      | Noticed Terence
  3793 | D:4      | Found a runed translucent door.
  3957 | D:4      | Reached XP level 5. HP: 50/50 MP: 4/10
  3962 | D:4      | Learned a level 4 spell: Airstrike
  4349 | D:3      | Reached skill level 4 in Air Magic
  4464 | D:3      | Gained mutation: You possess an exceptional clarity of
                  | mind. [potion of mutation]
  4470 | D:3      | HP: 3/75 [orc wizard/puff of flame (2)]
  4470 | D:3      | Killed from afar by an orc wizard

Illustrated notes

Levels and vault maps discovered:
D:1:      heliophobic_arrival_glass_houses, layout_basic
D:2:      layout_basic, uniq_terence
D:3:      layout_basic
D:4:      minmay_chambers_of_fours, layout_cave_pods,
          minmay_temple_entry_poolview, ebering_ghost_sewer_f,
          nicolae_half_adder

Skill      XL: |  1  2  3  4  5 |
---------------+----------------+-----
Conjurations   | 1 |  1.7
Fighting       | 1 2 |  2.3
Air Magic      | 3 4 |  4.0
Spellcasting   | 3 |  3.7
Dodging        | |  1.7
Stealth        | |  1.4

Action                     |  1- 3 |  4- 6 || total
---------------------------+-------+-------++-------
  Melee: Club              |    11 |       ||    11
         Dagger            |       |    11 ||    11
  Throw: Dart              |       |     6 ||     6
   Cast: Shock             |    98 |    53 ||   151
         Static Discharge  |     2 |    20 ||    22
  Evoke: Wand              |       |     3 ||     3
    Use: Potion            |       |     6 ||     6
         Scroll            |       |     2 ||     2
 Armour: Robe              |     4 |    10 ||    14
  Dodge: Dodged            |    14 |    25 ||    39
